 Dungeon Crawl Stone Soup version 0.31-a0-631-g285b096dc4 (webtiles) character file.

Game seed: 14877115871854030305

123 Newt the Trooper (level 5, -1/35 HPs)
             Began as a Gargoyle Fighter on Aug 25, 2023.
             Slain by an orc priest
             ... wielding a +0 flail
              (8 damage)
             ... on level 4 of the Dungeon.
             The game lasted 00:02:26 (2587 turns).

Newt the Trooper (Gargoyle Fighter)                 Turns: 2587, Time: 00:02:27

Health: -1/35      AC: 11    Str: 22    XL:     5   Next: 7%
Magic:  5/5        EV:  9    Int:  8    God:
Gold:   83         SH:  4    Dex:  9    Spells: 4/4 levels left

rFire   . . .        m - +2 war axe (drain)
rCold   . . .        c - +0 buckler
rNeg    + . .        b - +0 scale mail
rPois   ∞            (no helmet)
rElec   +            (no cloak)
rCorr   .            (no gloves)
SInv    .            (no boots)
Will    .....        (no amulet) Stlth
                     (no ring)
HPRegen 0.25/turn    (no ring)
MPRegen 0.09/turn

%: no passive effects
@: no status effects
A: sickness immunity, AC +4, negative energy resistance 1, electricity
resistance, torment resistance 1, petrification resistance
a: no special abilities


You were on level 4 of the Dungeon.
You visited 1 branch of the dungeon, and saw 4 of its levels.

You collected 83 gold pieces.

Inventory:

Hand Weapons
 a - a +0 flail
 k - a +0 short sword of venom
 m - a +2 war axe of draining (weapon)
 o - a +2 mace of venom
Missiles
 g - 5 boomerangs
Armour
 b - a +0 scale mail (worn)
 c - a +0 buckler (worn)
Scrolls
 e - a scroll of fog {unknown}
 h - 2 scrolls of teleportation
 l - a scroll of immolation {unknown}
 p - 2 scrolls of vulnerability
Potions
 d - a potion of might
 f - a potion of curing
 i - a potion of ambrosia {unknown}
 j - 2 potions of enlightenment


   Skills:
 - Level 5.0 Fighting
 - Level 2.0 Maces & Flails
 + Level 4.9 Armour
 - Level 3.2 Shields


You had 4 spell levels left.
You didn't know any spells.
Your spell library contained the following spells:

 Spells                   Type           Power      Damage    Failure   Level
 Blink                    Tloc           0%         N/A       90%         2
 Manifold Assault         Tloc           0%         N/A       100%        4


Dungeon Overview and Level Annotations

Branches:
Dungeon (4/15)
 Temple: D:4-7

Altars:
Dithmenos
Ru
Uskayaw
Wu Jian

Annotations:
D:3 3 runed translucent doors, Plaidstone's ghost, amateur DsMo


Innate Abilities, Weirdness & Mutations

You are immune to sickness and miasma.
Your stone body is resilient. (AC +4)
You are immune to poison.
You resist negative energy. (rN+)
You are resistant to electric shocks. (rElec)
You are resistant to unholy torment.
You are immune to petrification.


Message History

You kill the orc!
You hit the orc. You drain the orc.
You kill the orc!
The orc priest invokes the aid of Beogh against you.
Pain shoots through your body!
The orc wizard hits you with a +0 dagger.
You hit the orc wizard but do no damage.
You drain the orc wizard.
The orc wizard is almost dead.
The orc wizard hits you but does no damage.
Unknown command.
You closely miss the orc wizard.
The orc wizard is almost dead.
You closely miss the orc priest.
The orc priest hits you with a +0 flail.
The orc wizard hits you but does no damage.
The orc priest hits you with a +0 flail.
The orc wizard hits you with a +0 dagger.
You slash the orc wizard!
You kill the orc wizard!
You closely miss the orc priest.
The orc priest hits you with a +0 flail.
You have reached level 5!
You are too injured to fight recklessly!
Unknown command.
You slash the orc priest!
The orc priest is almost dead.
The orc priest hits you with a +0 flail!
* * * LOW HITPOINT WARNING * * *
The orc priest closely misses you.
Unknown command.
You closely miss the orc priest.
The orc priest is almost dead.
The orc priest mumbles some strange prayers to Beogh against you.
You are unaffected.
Unknown command.
You barely miss the orc priest.
The orc priest is almost dead.
The orc priest hits you with a +0 flail!
You die...

#. #. #.
#. #. #.
#.########
#.@o.....#
#.))...>.#
#........#
#........#
#........#
#........#
#..(.....#
##.......#


You could see an orc priest.

Vanquished Creatures
  An orc wizard (D:4)
  2 adders (D:2)
  A worm (D:2)
  2 dart slugs
  5 orcs
  3 ball pythons
  6 endoplasms
  6 giant cockroaches
  5 goblins
  6 hobgoblins
  8 kobolds
  5 quokkas
  7 bats
  4 frilled lizards
  A rat (D:1)
62 creatures vanquished.

Notes
Turn   | Place    | Note
-------+----------+-------------------------------------------
     0 | D:1      | Newt the Gargoyle Fighter began the quest for the Orb.
     0 | D:1      | Reached XP level 1. HP: 14/14 MP: 1/1
    86 | D:1      | Reached XP level 2. HP: 20/20 MP: 2/2
    91 | D:1      | Reached skill level 4 in Fighting
   376 | D:1      | Reached XP level 3. HP: 19/24 MP: 3/3
   621 | D:1      | HP: 1/25 [orc/+0 hand axe (5)]
   632 | D:1      | Reached skill level 5 in Fighting
  1066 | D:2      | Reached XP level 4. HP: 31/31 MP: 4/4
  1974 | D:3      | Found an ornate altar of the Wu Jian Council.
  1978 | D:3      | Found a shadowy altar of Dithmenos.
  2036 | D:3      | Noticed Plaidstone's ghost (amateur DsMo)
  2165 | D:3      | Found a runed translucent gate.
  2166 | D:3      | Found a runed translucent gate.
  2167 | D:3      | Found a runed translucent gate.
  2289 | D:3      | Found a sacrificial altar of Ru.
  2294 | D:3      | Found a hide-covered altar of Uskayaw.
  2585 | D:4      | Reached XP level 5. HP: 14/35 MP: 5/5
  2587 | D:4      | Slain by an orc priest

Illustrated notes

Levels and vault maps discovered:
D:1:      eino_arrival_cavern_b, layout_basic,
          nicolae_concentric_dashed_squares_wild
D:2:      layout_loops_corners, st_stairs_11
D:3:      layout_basic, nicolae_overflow_hidden_temple, gammafunk_ghost_icy
D:4:      layout_basic

Skill      XL: |  1  2  3  4 |
---------------+-------------+-----
Fighting       | 4 5 |  5.0
Armour         | 4 |  4.9
Maces & Flails | |  2.0
Shields        | |  3.2

Action                     |  1- 3 |  4- 6 || total
---------------------------+-------+-------++-------
  Melee: Flail             |    49 |       ||    49
         Short sword       |    42 |    37 ||    79
         War axe           |       |    37 ||    37
    Use: Potion            |     2 |       ||     2
         Scroll            |       |     7 ||     7
 Armour: Scale mail        |    49 |    35 ||    84
  Dodge: Dodged            |    40 |    22 ||    62
  Block: Buckler           |    21 |    12 ||    33

Table legend: (Time is in decaauts)
 A = Elapsed time spent in this place.
 B = Non-inter-level travel time spent in this place.
 C = Inter-level travel time spent in this place.
 D = Time resting spent in this place.
 E = Time spent auto-exploring this place.
 F = Levels seen in this place.
 G = Mean time per level.
                   A        B        C        D        E       F      G
               +--------+--------+--------+--------+--------+-----+--------+
         Total |   2621 |   2509 |    112 |    281 |   1810 |   4 |  655.2 |
       Dungeon |   2621 |   2509 |    112 |    281 |   1810 |   4 |  655.2 |
               +--------+--------+--------+--------+--------+-----+--------+

Top non-repeatable levels by time:
     D:2: 1019 daAuts
     D:1: 948 daAuts
     D:3: 639 daAuts
     D:4: 14 daAuts
